 Dungeon Crawl Stone Soup version 0.24-a0-7-g1bb0902 (webtiles) character file.

Game seed: 17671686028064024129

10626 poirepourri the Cleaver (level 11, -3/115 HPs)
             Began as a Deep Dwarf Fighter on Jan 30, 2019.
             Was an Elder of Makhleb.
             Slain by Erica
             ... wielding a +4 scimitar of flaming
              (7 damage)
             ... on level 11 of the Dungeon.
             The game lasted 00:09:26 (7069 turns).

poirepourri the Cleaver (Deep Dwarf Fighter)        Turns: 7069, Time: 00:09:28

Health: -3/115     AC: 15    Str: 21    XL:     11   Next: 38%
Magic:  9/9        EV:  7    Int: 13    God:    Makhleb [****..]
Gold:   448        SH: 12    Dex: 17    Spells: 10/10 levels left

rFire    + . .     SeeInvis .   a - +2 war axe
rCold    . . .     Gourm    .   c - +2 shield
rNeg     . . .     Faith    .   z - +0 scale mail
rPois    .         Spirit   .   y - +2 helmet
rElec    .         Reflect  .   w - +2 cloak
rCorr    .         Harm     .   (no gloves)
MR       +....                  l - +1 pair of boots
Stlth    ..........             e - amulet of rage
HPRegen  0.00/turn              p - +2 ring of dexterity
MPRegen  0.11/turn              r - ring of protection from fire

@: brilliant, lethally poisoned (-3 -> -3), marked, non-regenerating, slowed,
very slow
A: damage resistance, heal wounds, sense surroundings 2, no regeneration
a: Heal Wounds, Minor Destruction, Lesser Servant of Makhleb, Major Destruction,
Renounce Religion, Evoke Berserk Rage


You were on level 11 of the Dungeon.
You worshipped Makhleb.
Makhleb was greatly pleased with you.
You were hungry.

You visited 1 branch of the dungeon, and saw 11 of its levels.

You collected 513 gold pieces.
You spent 65 gold pieces at shops.

Inventory:

Hand Weapons
 a - a +2 war axe (weapon)
 b - a +5 morningstar
Missiles
 h - 16 tomahawks (quivered)
Armour
 c - a +2 shield (worn)
 l - a +1 pair of boots (worn)
 w - a +2 cloak (worn)
 y - a +2 helmet (worn)
 z - a +0 scale mail (worn)
Jewellery
 e - an amulet of rage (around neck)
 p - a +2 ring of dexterity (left hand)
 r - a ring of protection from fire (right hand)
Wands
 i - a wand of random effects (22)
 o - a wand of flame (18)
 q - a wand of paralysis (3)
Scrolls
 g - 2 scrolls of amnesia
 s - 2 scrolls of fog
 x - a scroll of remove curse
Potions
 k - a potion of mutation
 u - 2 potions of flight
Comestibles
 f - 27 rations


   Skills:
 + Level 12.3 Fighting
 - Level 13.0 Axes
 - Level 3.2 Armour
 - Level 3.2 Shields


You had 10 spell levels left.
You didn't know any spells.
Your spell library contained the following spells:

 Spells                   Type           Power        Failure   Level  Hunger
 Sting                    Conj/Pois      #...         34%         1    ##.....
 Poisonous Vapours        Pois/Air       #.....       45%         2    ###....
 Mephitic Cloud           Conj/Pois/Air  #.......     67%         3    ####...
 Olgreb's Toxic Radiance  Pois           #.......     94%         4    #####..
 Venom Bolt               Conj/Pois      #.........   99%         5    ######.


Dungeon Overview and Level Annotations

Branches:
Dungeon (11/15)            Temple (0/1) D:6            Lair (0/6) D:10
    Orc (0/2) D:9

Altars:
Cheibriados
Dithmenos
Fedhas
Gozag
Hepliaklqana
Makhleb
Sif Muna
Trog
Uskayaw

Shops:
D:5 (   D:6 =   D:7 =   D:8 !

Annotations:
D:11 Erica, Harold


Innate Abilities, Weirdness & Mutations

You are resistant to damage.
You can heal yourself by infusing magical energy.
You passively map the area around you.
You do not regenerate.


Message History

You hit the cyclops. You hit something. Something hits you but does no damage.
The cyclops hits you! Harold barely misses you.
Unknown command.
Unknown command.
You slash Harold!
Harold is severely wounded.
You hit something but do no damage. You hit the cyclops but do no damage.
You hear some strange, mumbled words.
A bolt of poison appears from out of thin air!
You are poisoned.
The bolt of poison hits you!!
* * * LOW HITPOINT WARNING * * *
Harold hits you with a +0 mace!
* * * LOW HITPOINT WARNING * * *
The cyclops hits you!
* * * LOW HITPOINT WARNING * * *
You slash Harold!
Harold is almost dead.
You hit something. You slash the cyclops! Something hits you!
You die...

#######.........,,,,,,,,,,,
#..#######*****,*****
#######..#######*****,*
#...............,,,,,,*****
#...............,,,,,,,,,,,
#...............,,,,,,,,,,,
########..#######.*********
*........){)......*********
*........≈@@......,,,,,,,,,
*..........C..####*********
*.##########..#************
*,**********..(Z,,,,,,,,,,,
*,,,,,,,,,,,,.....,,,,,,,,,
*,*******,,**####.,,,,,,,,,
*,* *,,* *,,*******,
*,*******,,******,,*******,
*,,,,,,,,,,,,,,,,,,,,,,,,,,


You could see Harold, a cyclops and a centaur skeleton.

Vanquished Creatures
  Gastronok (D:11)
  2 two-headed ogres
  Psyche (D:11)
  2 trolls
  Prince Ribbit (D:6)
  2 hornets (D:9)
  Sigmund (D:6)
  A wyvern (D:8)
  3 yaks (D:9)
  A steam dragon (D:10)
  An acid dragon (D:8)
  4 porcupines (D:10)
  A swamp drake (D:9)
  A black bear (D:10)
  4 orc warriors
  7 ice beasts
  7 ogres
  3 sky beasts
  A phantom (D:8)
  3 centaurs
  3 crocodiles (D:10)
  Blork the orc (D:6)
  A big kobold (D:11)
  8 bullfrogs
  5 scorpions
  4 wights (D:11)
  3 howler monkeys
  2 crimson imps
  A quasit (D:7)
  A centaur zombie (D:11)
  8 hounds
  A jelly (D:8)
  2 bullfrog skeletons
  A gnoll shaman (D:4)
  6 orc priests
  4 centaur skeletons
  3 iguanas
  Ijyb (D:5)
  7 orc wizards
  6 worker ants
  A killer bee zombie (D:8)
  A hound skeleton (D:9)
  8 gnolls
  9 adders
  A shadow imp (D:5)
  An ooze (D:5)
  3 adder skeletons
  2 adder zombies (D:8)
  6 worms
  5 dart slugs
  8 leopard geckos
  31 orcs
  4 giant cockroaches
  9 goblins
  5 hobgoblins
  5 jackals
  14 kobolds
  5 quokkas
  2 ball pythons
  7 bats
  7 frilled lizards
  A jackal skeleton (D:5)
  A jackal zombie (D:5)
  A leopard gecko skeleton (D:4)
  2 quokka skeletons
  13 rats
  2 fungi (D:10)
269 creatures vanquished.

Vanquished Creatures (others)
  An orc (D:9)
  30 fungi (D:10)
  16 plants (D:10)
47 creatures vanquished.

Grand Total: 316 creatures vanquished

Notes
Turn   | Place    | Note
-------+----------+-------------------------------------------
     0 | D:1      | poirepourri the Deep Dwarf Fighter began the quest for the
                  | Orb.
     0 | D:1      | Reached XP level 1. HP: 20/20 MP: 1/1
   113 | D:1      | Reached skill level 3 in Axes
   115 | D:1      | Reached XP level 2. HP: 25/27 MP: 2/2
   598 | D:1      | Reached XP level 3. HP: 31/33 MP: 3/3
   619 | D:2      | Reached skill level 4 in Axes
   827 | D:2      | Reached XP level 4. HP: 40/40 MP: 4/4
   928 | D:2      | Reached skill level 5 in Axes
  1424 | D:3      | Found a snail-covered altar of Cheibriados.
  1933 | D:3      | Found a burning altar of Makhleb.
  1937 | D:3      | Reached XP level 5. HP: 38/46 MP: 5/5
  1943 | D:3      | Became a worshipper of Makhleb the Destroyer
  2014 | D:4      | Reached skill level 6 in Axes
  2255 | D:4      | Reached skill level 7 in Axes
  2255 | D:4      | Reached XP level 6. HP: 54/55 MP: 6/6
  2561 | D:5      | Entered Level 5 of the Dungeon
  2573 | D:5      | Reached skill level 8 in Axes
  2596 | D:5      | Reached XP level 7. HP: 50/61 MP: 7/7
  2618 | D:5      | Noticed Ijyb
  2634 | D:5      | Killed Ijyb
  2685 | D:5      | Reached * piety under Makhleb
  2709 | D:5      | Reached skill level 9 in Axes
  2775 | D:5      | Found Essanuph's Antique Weapon Shoppe.
  2781 | D:5      | Found a blossoming altar of Fedhas.
  2879 | D:5      | Reached skill level 10 in Axes
  2896 | D:5      | Found a hazy altar of Hepliaklqana.
  3126 | D:6      | Reached XP level 8. HP: 51/68 MP: 8/8
  3162 | D:6      | Noticed Prince Ribbit
  3162 | D:6      | Noticed Sigmund
  3178 | D:6      | Killed Prince Ribbit
  3178 | D:6      | Reached skill level 11 in Axes
  3183 | D:6      | Killed Sigmund
  3273 | D:6      | Reached skill level 12 in Axes
  3329 | D:6      | Found a staircase to the Ecumenical Temple.
  3341 | D:6      | Noticed Blork the orc
  3350 | D:6      | Killed Blork the orc
  3358 | D:6      | Found Fofo's Jewellery Emporium.
  3562 | D:6      | Got a fine leather armour
  3573 | D:6      | Identified the cursed +0 leather armour of Exclusion
                  | {*Drain rPois Int+7 Stlth-} (You found it on level 6 of the
                  | Dungeon)
  3608 | D:7      | Reached ** piety under Makhleb
  3608 | D:7      | Gained mutation: You passively map the area around you.
                  | [Deep Dwarf growth]
  3608 | D:7      | Reached XP level 9. HP: 47/74 MP: 9/9
  3730 | D:7      | Found Seorph's Jewellery Shoppe.
  3813 | D:7      | Noticed a moth of wrath
  3815 | D:7      | Found a bloodstained altar of Trog.
  3996 | D:7      | Found a hide-covered altar of Uskayaw.
  4152 | D:7      | Found a deep blue altar of Sif Muna.
  4243 | D:8      | Reached skill level 13 in Axes
  4433 | D:8      | Reached skill level 5 in Fighting
  4505 | D:8      | Found an opulent altar of Gozag.
  4897 | D:8      | Found Besy's Distillery.
  4917 | D:8      | Bought a potion of heal wounds for 65 gold pieces
  4995 | D:8      | Found a shadowy altar of Dithmenos.
  5407 | D:9      | Reached *** piety under Makhleb
  5468 | D:9      | Reached XP level 10. HP: 44/94 MP: 10/10
  5486 | D:9      | Found a staircase to the Orcish Mines.
  5521 | D:9      | Noticed a two-headed ogre
  5532 | D:9      | Killed a two-headed ogre
  5537 | D:9      | Paralysed by a hornet for 1 turns
  6139 | D:10     | Entered Level 10 of the Dungeon
  6230 | D:10     | Reached skill level 10 in Fighting
  6251 | D:10     | Reached **** piety under Makhleb
  6353 | D:10     | Found a staircase to the Lair.
  6355 | D:10     | Noticed a two-headed ogre
  6371 | D:10     | Killed a two-headed ogre
  6371 | D:10     | Reached XP level 11. HP: 83/111 MP: 11/11
  6973 | D:11     | Noticed Harold
  6975 | D:11     | Noticed Psyche
  6977 | D:11     | Noticed Erica
  7018 | D:11     | Noticed Gastronok
  7047 | D:11     | Killed Psyche
  7048 | D:11     | Killed Gastronok
  7068 | D:11     | HP: 4/115 [cyclops (9)]
  7069 | D:11     | Slain by Erica

Vault maps used:
D:1:      minmay_arrival_wavy_path, minmay_domino_4
D:2:      serial_glass, glass_columns_a, glass_columns_b, glass_columns_b,
          glass_columns_b, glass_columns_b, glass_columns_a, glass_columns_c,
          glass_columns_b
D:3:      nicolae_overflow_crystal_walls, makhleb_heckhound_becter, first_ration
D:4:      minmay_angry_zag
D:5:      kennysheep_little_box, fedhas_altar_1, serial_shops,
          nicolae_shop_waterfront, hangedman_abyss_or_decor_passed, uniq_ijyb
D:6:      minmay_temple_entry_glassed_door, serial_shops, nicolae_shop_crystal,
          uniq_prince_ribbit1, uniq_sigmund, uniq_blork_the_orc
D:7:      tgw_trog, eat_drink_and_be_merry_uskayaw, led_sif_pool, serial_shops,
          shop_fountains
D:8:      grunt_dithmenos_shadows, serial_shops, nicolae_shop_window_shopping,
          grunt_gozag_statues
D:9:      kennysheep_blocky_hall, erik_orc_1, grunt_ogre_cave
D:10:     due_lair_maze_entry_diamond
D:11:     uniq_harold, uniq_psyche, uniq_gastronok, uniq_erica

Skill      XL: |  1  2  3  4  5  6  7  8  9 10 11 |
---------------+----------------------------------+-----
Axes           | 3 4 5 7 8 10 12 13 | 13.0
Fighting       | 7 11 12 | 12.3
Armour         | |  3.2
Shields        | |  3.2

Action                   |  1- 3 |  4- 6 |  7- 9 | 10-12 || total
-------------------------+-------+-------+-------+-------++-------
Melee: War axe           |   120 |   143 |   348 |   319 ||   930
 Abil: Heal Wounds       |     2 |     4 |     5 |    10 ||    21
Evoke: Wand              |       |       |     2 |     7 ||     9
  Use: Scroll            |       |    12 |     8 |     7 ||    27
       Potion            |       |     2 |     9 |     8 ||    19
 Stab: Paralysed         |       |       |     3 |     3 ||     6
  Eat: Ration            |       |     2 |     3 |     1 ||     6
Armor: Scale mail        |    43 |    52 |   132 |   127 ||   354
       Skin              |       |       |       |    42 ||    42
Dodge: Dodged            |    37 |    48 |    78 |    70 ||   233
Block: Shield            |    57 |    84 |   154 |   186 ||   481

Table legend:
 A = Non-vault XP
 B = Vault XP
 C = Vault XP percentage of total XP
 D = Non-vault monster count
 E = Vault monster count
 F = Vault count percentage of total count
                 A         B        C        D         E       F
            +---------+---------+-------+---------+---------+-------
      Total |    9719 |    5462 |  36.0 |     223 |      45 |  16.8
            +---------+---------+-------+---------+---------+-------
        D:1 |      41 |       0 |   0.0 |      24 |       0 |   0.0
        D:2 |      86 |       0 |   0.0 |      29 |       0 |   0.0
        D:3 |      45 |      42 |  48.3 |      23 |       1 |   4.2
        D:4 |     263 |      43 |  14.1 |      14 |       3 |  17.6
        D:5 |     845 |      36 |   4.1 |      26 |       1 |   3.7
        D:6 |     553 |     613 |  52.6 |       9 |       3 |  25.0
        D:7 |     576 |       9 |   1.5 |      12 |       5 |  29.4
        D:8 |    1745 |     115 |   6.2 |      28 |       1 |   3.4
        D:9 |    2124 |    1087 |  33.9 |      22 |      20 |  47.6
       D:10 |    2457 |    1063 |  30.2 |      20 |       9 |  31.0
       D:11 |     984 |    2454 |  71.4 |      16 |       2 |  11.1
            +---------+---------+-------+---------+---------+-------
